Unix xNetHack Version 7.1.0 - last build Jul 19 2022 04:02:08 (a8c4666137c2c631a57c77f6261166d76d9e3895). Game began 2022-07-20 11:22:07, ended 2022-07-20 11:24:24. Raisse, neutral female gnomish Wizard ------------ |<.........| |..........| |..........| ...........| ---------------- |...........#G####...............| ----------.-## |:.............| |..............| +...........$..| ---------------- Raisse the Conjurer St:12 Dx:17 Co:13 In:12 Wi:11 Ch:10 Neutral Dlvl:4 $:22 HP:0(24) Pw:11(33) AC:9 Xp:3/76 T:445 Blind Latest messages: You feel an unseen monster! You hear some noises. You try to feel what is lying here on the floor. You feel here a crude dagger. v - a crude dagger {10}. What do you want to wield? [- ahisv or ?*] v v - a crude dagger (weapon in hand) {10}. What do you want to adjust? [ac-oq-vC or ?*] v Adjust letter to what [bpv-zABD-Z] (? see used letters)? a Swapping: a - a crude dagger (weapon in hand) {10}. It bites! You begin bashing monsters with your crude dagger. You miss it. It bites! In what direction? h The spell misses it. The spell hits it. You kill it! It bites! You can see again. You miss the iguana. The iguana bites! In what direction? h The spell hits the iguana! You kill the iguana! There is an iguana corpse here; eat it? [ynq] (n) y This iguana corpse tastes okay. You stop eating the iguana corpse. k - a food ration {20}. There is a partly eaten iguana corpse here; eat it? [ynq] (n) y You resume your meal. You finish eating the iguana corpse. You see here a newt corpse. The gecko bites! In what direction? h The spell hits the gecko! You kill the gecko! The spell hits the iguana! You kill the iguana! Poes misses it. There is a newt corpse here; eat it? [ynq] (n) y Blecch! Rotten food! Everything suddenly goes dark. You feel a mild buzz. You hear some noises in the distance. Wait! There's something there you can't see! It bites! You die... Do you want your possessions identified? [ynq] (y) y Do you want to see your attributes? [ynq] (y) q Major events: Turn 1: Raisse the neutral female gnomish Wizard entered the dungeon 358: attained the rank of Conjurer (level 3) 445: killed by a kitten Inventory: Inventory: 453/675 weight (21/52 slots) Coins $ - 22 gold pieces {1} Weapons a - an uncursed +1 orcish dagger (weapon in hand) {10} h - 31 uncursed +0 copper arrows {31} i - 7 cursed +0 darts {7} s - 6 uncursed +0 darts {6} v - a blessed +1 quarterstaff (alternate weapon; not wielded) {40} Armor C - a blessed +0 cloak of magic resistance (being worn) {8} Comestibles g - an uncursed tin of boiled newt meat {10} j - 2 cursed food rations {40} k - 2 uncursed food rations {40} l - 3 uncursed lichen corpses {60} u - an uncursed strange object {5} Scrolls m - an uncursed scroll of identify {5} n - an uncursed scroll of teleportation {5} Spellbooks c - a blessed spellbook of force bolt {35} d - a blessed spellbook of magic missile {40} e - an uncursed spellbook of light {35} f - an uncursed spellbook of sleep {45} Potions o - an uncursed potion of gain energy {20} Tools q - an uncursed skeleton key {3} r - an uncursed skeleton key {3} t - an uncursed towel {5} Raisse the Wizard's attributes: Background: You were a Conjurer, a level 3 female gnomish Wizard. You were neutral, on a mission for Thoth who was opposed by Ptah (lawful) and Anhur (chaotic). You were bisexual. You were in the Dungeons of Doom, on level 4. You entered the dungeon 445 turns ago. You had 76 experience points, 4 more were needed to attain level 4. Basics: You had 0 out of 24 hit points. You had 11 out of 33 energy points (spell power). Your armor class was 9. Your wallet contained 22 zorkmids. Autopickup was on for '$!?/"=+' plus thrown, with exceptions. Final Characteristics: Your strength was 12 (limit:18/50). Your dexterity was 17 (limit:18). Your constitution was 13 (limit:18). Your intelligence was 12 (limit:19). Your wisdom was 11 (limit:18). Your charisma was 10 (limit:18). Final Status: You were temporarily blind. You were not hungry. You were unencumbered. You were wielding a dagger. You were unskilled in dagger. Final Attributes: You were fervently aligned. You were magic-protected. You had infravision. You were warded. You are dead. Miscellaneous: You never encountered a bones level. Total elapsed playing time was 2 minutes and 17 seconds. Vanquished creatures: a shrieker a giant bat 2 iguanas a green mold a red mold a gnome zombie a gecko 3 jackals 2 kobolds a goblin 2 grid bugs a bat 4 lichens 4 newts 25 creatures vanquished. No species were genocided or became extinct. Voluntary challenges: You were an atheist. You were illiterate. You never genocided any monsters. You never polymorphed an object. You never changed form. You never touched an artifact. You used no wishes. You never scared an enemy with impunity. You were celibate. You never generated conflict. Achievement: You attained the rank of Conjurer. The Dungeons of Doom: levels 1 to 4 Level 1: Level 2: A fountain. Level 3: Some fountains. Level 4: <- You were here. Final resting place for you, killed by a kitten. Game over: __________ / \ / REST \ / IN \ / PEACE \ / \ | Raisse | | 22 Au | | killed by a | | kitten | | | | | | 2022 | *| * * * | * _________)/\\_//(\/(/\)/\//\/|_)_______ Goodbye Raisse the Wizard... You died in The Dungeons of Doom on dungeon level 4 with 474 points, and 22 pieces of gold, after 445 moves. You were level 3 with a maximum of 24 hit points when you died.